 Dungeon Crawl Stone Soup version 0.21-a0-404-g291f19a (webtiles) character file.

17 Hasart the Sneak (level 2, 0/15 HPs)
             Began as a Kobold Enchanter on Oct 31, 2017.
             Slain by a dart slug (3 damage)
             ... on level 1 of the Dungeon.
             The game lasted 00:01:42 (767 turns).

Hasart the Sneak (Kobold Enchanter)                  Turns: 767, Time: 00:01:42

Health: 0/15       AC:  2    Str:  5    XL:     2   Next: 80%
Magic:  1/5        EV: 15    Int: 16    God:
Gold:   11         SH:  0    Dex: 15    Spells: 2/5 levels left

rFire    . . .     SeeInvis .   a - +1 dagger
rCold    . . .     Gourm    .   (shield restricted)
rNeg     . . .     Faith    .   b - +0 robe
rPois    .         Spirit   .   (no helmet)
rElec    .         Reflect  .   (no cloak)
rCorr    .         Harm     .   (no gloves)
MR       .....                  (no boots)
Stlth    +++.......             (no amulet)
HPRegen  0.05/turn              (no ring)
MPRegen  0.09/turn              (no ring)

@: no status effects
A: carnivore 3
a: no special abilities


You were on level 1 of the Dungeon.
You were full.

You visited 1 branch of the dungeon, and saw 1 of its levels.

You collected 11 gold pieces.

Inventory:

Hand Weapons
 a - a +1 dagger (weapon)
Armour
 b - a +0 robe (worn)
 g - a +0 buckler
Scrolls
 h - a scroll of fog {unknown}
 i - 2 scrolls of fear {unknown}
 j - a scroll of identify {unknown}
Potions
 e - a potion of invisibility {unknown}
 k - a potion of mutation {unknown}
Books
 c - a book of Maledictions

   Spells                             Type                      Level
   a - Corona                         Hexes                        1
   b - Ensorcelled Hibernation        Hexes/Ice                    2
   c - Confuse                        Hexes                        3
   d - Tukima's Dance                 Hexes                        3
   e - Dazzling Spray                 Conjuration/Hexes            3
Comestibles
 d - 2 meat rations
 f - a royal jelly


   Skills:
 + Level 1.9 Short Blades
 - Level 2.4 Dodging
 + Level 4.3 Stealth
 + Level 2.4 Spellcasting
 * Level 3.3 Hexes


You had 2 spell levels left.
You knew the following spells:

 Your Spells              Type           Power        Failure   Level  Hunger
a - Corona                Hex            ##.....      4%          1    #......
b - Ensorcelled Hibernat  Hex/Ice        #.....       16%         2    ###....


Dungeon Overview and Level Annotations

Branches:
Dungeon (1/15)

Altars:


Innate Abilities, Weirdness & Mutations

You are small and have problems with some larger weapons.
You are carnivorous and can eat meat at any time.


Message History

You don't have enough magic to cast that spell.
Unknown command.
You hit the dart slug.
The dart slug is heavily wounded.
The dart slug closely misses you.
You hit the dart slug.
The dart slug is severely wounded.
The dart slug closely misses you.
You hit the dart slug.
The dart slug is severely wounded.
You hit the dart slug but do no damage.
The dart slug is severely wounded.
The dart slug launches a dart at you. The slug dart misses you.
You hit the dart slug.
The dart slug is almost dead.
You hit the dart slug.
The dart slug is almost dead.
The dart slug bites you.
You die...

##.# #......## ...#
#......####### .###
#............. .#
#......####### .## ##
#...[.[....####..# #
#......###........
###########......# #........
..).........########........
###########....(@w.#...[....
########........).
###........ #........
#.......! #........
#.w...... #########


You could see a dart slug.

Vanquished Creatures
  A leopard gecko (D:1)
  2 bats (D:1)
  A giant cockroach (D:1)
  4 goblins (D:1)
  A hobgoblin (D:1)
  A frilled lizard (D:1)
  3 kobolds (D:1)
  A rat (D:1)
14 creatures vanquished.

Notes
Turn   | Place    | Note
-------+----------+-------------------------------------------
     0 | D:1      | Hasart the Kobold Enchanter began the quest for the Orb.
     0 | D:1      | Reached XP level 1. HP: 10/10 MP: 3/3
   382 | D:1      | Reached XP level 2. HP: 12/15 MP: 5/5
   391 | D:1      | Learned a level 2 spell: Ensorcelled Hibernation
   767 | D:1      | Slain by a dart slug

Vault maps used:
D:1:      shiori_angband_town

Action                   || total
-------------------------++-------
Melee: Dagger            ||    62
 Cast: Ensorcelled Hiber ||     2
 Stab: Sleeping          ||     4
  Eat: Chunk             ||     5
Armor: Robe              ||     9
Dodge: Dodged            ||    45

Table legend:
 A = Spawn XP
 B = Non-spawn XP
 C = Spawn XP percentage of total XP
 D = Spawn monster count
 E = Non-spawn monster count
 F = Spawn count percentage of total count
 G = Total turns spent on level
                    A         B        C        D         E        F      G
               +---------+---------+-------+---------+---------+-------+---------
         Total |       0 |      25 |   0.0 |       0 |      14 |   0.0 |   767
               +---------+---------+-------+---------+---------+-------+---------
           D:1 |       0 |      25 |   0.0 |       0 |      14 |   0.0 |   767
               +---------+---------+-------+---------+---------+-------+---------
